AoeStats
← Rolito

MegaRandom

509511399Analyzed
3v3 RM · 6d ago on Sep 27, 2026· 58m 43s· 6 players
Game mode
Random Map
Map size
Normal (6 player)
Population
200
Speed
Normal
Resources
Standard
Victory
Conquest
Starting age
Dark Age
Ending age
Imperial Age
RankedLock teamsTeams togetherTeam positionsShared explorationLock speedFull tech treeHidden civsTurbo modeCheats
Victory
Defeat
🇺🇸 Dravidians · United States
791
+14
🇮🇳 Tupi · India
785
+14
🇵🇪 Khmer · Peru
769
+14
🇨🇴 Aztecs · Colombia
769
-15
🇨🇴 Cumans · Colombia
728
-14
🇨🇴 Jurchens · Colombia
721
-13
MGGM922
0:35 Loom
12:28 Feudal Age
15:13 Horse Collar
18:48 Castle Age
17:08 Double-Bit Axe
17:29 Gold Mining
18:07 Fishing Lines
22:03 Forging
21:53 Scale Mail Armor
21:44 Fletching
21:54 Padded Archer Armor
23:24 Wheelbarrow
23:36 Bow Saw
23:03 Pikeman
23:03 Man-at-Arms
23:30 Gambesons
23:45 Squires
24:04 Chain Mail Armor
24:25 Iron Casting
24:30 Long Swordsman
28:05 Hand Cart
28:46 Bodkin Arrow
29:07 Leather Archer Armor
38:18 Imperial Age
35:35 Town Watch
38:43 Ballistics
40:35 Bracer
41:35 Blast Furnace
41:06 Plate Mail Armor
41:07 Ring Archer Armor
41:43 Chemistry
41:10 Halberdier
41:11 Two-Handed Swordsman
42:33 Heavy Plow
43:00 Champion
45:14 Two-Man Saw
44:06 Stone Mining
45:05 Thumb Ring
44:21 Elite Skirmisher
44:22 Elite Elephant Archer
45:34 Wootz Steel
45:34 Conscription
45:20 Medical Corps
45:53 Medical Corps
l3141516
1:10 Loom
12:48 Feudal Age
13:23 Double-Bit Axe
18:28 Castle Age
17:20 Bloodlines
21:22 Medium Warships
22:35 Pikeman
23:01 Arson
31:06 Town Watch
42:47 Wheelbarrow
42:13 Town Patrol
52:39 Horse Collar
mvkris92
4:14 Loom
11:43 Feudal Age
12:12 Horse Collar
12:22 Double-Bit Axe
12:30 Gold Mining
12:32 Stone Mining
20:26 Castle Age
19:03 Padded Archer Armor
18:54 Fletching
20:57 Crossbowman
21:39 Bodkin Arrow
21:59 Leather Archer Armor
22:13 Bow Saw
22:42 Gold Shaft Mining
23:34 Ballistics
27:52 Heavy Plow
29:45 Gold Shaft Mining
32:47 Imperial Age
35:03 Elite Ibirapema Warrior
36:28 Wheelbarrow
40:50 Two-Man Saw
41:34 Hand Cart
40:45 Elite Blackwood Archer
41:49 Conscription
42:15 Curare
42:52 Squires
42:58 Bracer
43:29 Ring Archer Armor
43:00 Scale Mail Armor
43:11 Forging
44:14 Arson
44:37 Pikeman
44:55 Elite Blackwood Archer
48:21 Chain Mail Armor
48:41 Iron Casting
48:10 Halberdier
50:49 Murder Holes
54:41 Caciques
57:08 Chemistry
56:08 Champi Runner
57:24 Plate Mail Armor
Rolito
10:45 Feudal Age
15:08 Arson
17:24 Scale Mail Armor
19:54 Castle Age
20:29 Eagle Warrior
21:13 Squires
28:30 Horse Collar
29:15 Gold Mining
32:01 Scale Mail Armor
32:11 Forging
36:23 Chain Mail Armor
42:27 Imperial Age
41:36 Iron Casting
41:58 Gold Shaft Mining
41:16 Double-Bit Axe
41:44 Heavy Plow
43:46 Elite Eagle Warrior
45:30 Plate Mail Armor
46:01 Blast Furnace
SilenZio
12:05 Feudal Age
16:59 Double-Bit Axe
18:25 Bloodlines
21:26 Scale Barding Armor
27:30 Castle Age
30:04 Husbandry
37:37 Imperial Age
45:34 Gold Mining
45:57 Bow Saw
45:38 Horse Collar
49:44 Forging
49:58 Chain Barding Armor
52:19 Elite Steppe Lancer
liam
5:07 Loom
10:24 Feudal Age
12:25 Double-Bit Axe
19:44 Horse Collar
23:04 Wheelbarrow
26:21 Castle Age
35:06 Elite Skirmisher
36:36 Padded Archer Armor
36:26 Fletching
39:20 Bloodlines
40:11 Steppe Husbandry
41:45 Hand Cart
41:16 Town Watch
45:33 Town Patrol
48:12 Forging
48:10 Scale Barding Armor
49:49 Iron Casting
53:42 Chain Barding Armor
Connection lost

Rejoining the realm…

Still unreachable

The connection could not be restored.

Session expired

The server has moved on; the page needs a fresh start.